 Dungeon Crawl Stone Soup version 0.30-a0-364-gf6b3ef1049 (webtiles) character file.

Game seed: 14499891437750606768

403 SmokeWeed the Chopper (level 6, -11/52 HPs)
             Began as a Hill Orc Reaver on Nov 15, 2022.
             Was an Initiate of Okawaru.
             Mangled by a gnoll
             ... wielding a +0 flail
              (15 damage)
             ... on level 4 of the Dungeon.
             The game lasted 00:16:48 (2850 turns).

SmokeWeed the Chopper (Hill Orc Reaver)             Turns: 2850, Time: 00:16:49

Health: -11/52     AC:  7    Str: 17    XL:     6   Next: 86%
Magic:  9/9        EV: 11    Int: 19    God:    Okawaru [......]
Gold:   170        SH:  0    Dex:  9    Spells: 8/9 levels left

rFire   + . .      SeeInvis .    d - +1 hand axe (vorpal)
rCold   . . .      Faith    .    o - orb {mayhem}
rNeg    . . .      Spirit   .    q - +0 ring mail
rPois   .          Reflect  .    (no helmet)
rElec   .          Harm     .    w - +0 cloak
rCorr   .          Rampage  .    (no gloves)
Will    .....                    i - +0 pair of boots
Stlth   +.........               (no amulet)
HPRegen 0.28/turn                y - ring of protection from fire
MPRegen 0.11/turn                C - +6 ring of intelligence

@: no status effects
A: no striking features
a: Renounce Religion


You were on level 4 of the Dungeon.
You worshipped Okawaru.
Okawaru was noncommittal.
You visited 1 branch of the dungeon, and saw 4 of its levels.

You collected 170 gold pieces.

Inventory:

Hand Weapons
 d - a +1 vorpal hand axe (weapon)
 h - a +2 short sword of draining
 j - a +2 whip of venom
 n - a +0 falchion
 u - a +2 hammer of protection
 v - a +4 quarterstaff of chaos
Missiles
 c - 57 stones
 f - 8 boomerangs (quivered)
 l - 4 poisoned darts
Armour
 b - a +0 leather armour
 g - a +0 chain mail
 i - a +0 pair of boots (worn)
 o - an orb of mayhem (worn)
 q - a +0 ring mail (worn)
 w - a +0 cloak (worn)
Jewellery
 y - a ring of protection from fire (left hand)
 C - a +6 ring of intelligence (right hand)
Wands
 x - a wand of acid (10)
Scrolls
 e - 5 scrolls of identify
 k - 2 scrolls of magic mapping {unknown}
 p - a scroll of fear
 r - 2 scrolls of immolation {unknown}
 z - a scroll of torment {unknown}
 D - a scroll of vulnerability {unknown}
Potions
 a - a potion of invisibility {unknown}
 m - 2 potions of brilliance
 s - a potion of cancellation {unknown}
 t - a potion of curing {unknown}
 A - a potion of mutation {unknown}
 B - a potion of berserk rage {unknown}


   Skills:
 * Level 4.0 Fighting
 - Level 0.5 Short Blades
 + Level 5.2 Axes
 + Level 0.4(2.6) Maces & Flails
 + Level 1.1 Throwing
 * Level 3.1 Armour
 * Level 2.4 Dodging
 * Level 1.4 Stealth
 * Level 2.3 Spellcasting
 + Level 3.4 Conjurations


You had 8 spell levels left.
You knew the following spells:

 Your Spells              Type           Power      Damage    Failure   Level
a - Kiss of Death         Conj/Necr      32%        2d7       14%         1

Your spell library contained the following spells:

 Spells                   Type           Power      Damage    Failure   Level
 Momentum Strike          Conj/Tloc      16%        3d8       22%         2
 Freeze                   Ice            8%         1d3       28%         1
 Hailstorm                Conj/Ice       8%         3d4       41%         3
 Frozen Ramparts          Ice            4%         1d1       65%         3
 Gell's Gravitas          Tloc           2%         N/A       65%         3
 Teleport Other           Tloc           2%         N/A       65%         3
 Dispersal                Tloc           1%         N/A       100%        6


Dungeon Overview and Level Annotations

Branches:
Dungeon (4/15)
 Temple: D:4-7

Altars:
Elyvilon
Gozag
Okawaru

Annotations:
D:4 Eustachio


Message History

You throw a boomerang. The boomerang hits the gnoll.
The gnoll is moderately wounded.
A gnoll comes into view. It is wielding a +0 spear.
The gnoll shouts!
The gnoll completely misses you.
You slash the gnoll!
You kill the gnoll!
Okawaru accepts your kill.
You hit the gnoll. The gnoll barely misses you.
The gnoll hits you with a +0 flail. x2
You see here a +0 spear.
You hit the gnoll.
The gnoll is heavily wounded.
You closely miss the gnoll.
The gnoll hits you but does no damage. x2
The gnoll closely misses you.
You barely miss the gnoll.
The gnoll is moderately wounded.
You completely miss the gnoll. The gnoll barely misses you. x3
You hit the gnoll.
The gnoll is severely wounded.
You hit the gnoll but do no damage. The gnoll closely misses you.
The gnoll hits you from afar with a +0 spear.
The gnoll barely misses you. The gnoll hits you with a +0 flail!
The gnoll hits you but does no damage. The gnoll closely misses you.
You see here a +0 short sword.
You hit the gnoll.
The gnoll is moderately wounded.
You hit the gnoll. x2
You kill the gnoll!
Okawaru accepts your kill.
The gnoll flies into a frenzy!
The gnoll hits you with a +0 flail! The gnoll hits you with a +0 spear.
Your Fighting skill increases to level 4!
You barely miss the gnoll.
The gnoll is heavily wounded.
You hit the gnoll. The gnoll hits you with a +0 flail!
* * * LOW HITPOINT WARNING * * *
The gnoll hits you with a +0 flail!
You die...

##.....#
#.....#.##......
#..#####
#.....#.##......
...#
#####.#.##......
.... ###
####....####### ...
..###...###...###..
..
##.#....†#.###.#...
#...#...#...#...#..
#.g)#####...#...###
#.@)#...#...#...#..
##g#.....#.###.#...
.###...###...###..
.. #.###.#.....#.##
...#. #...#...#...#
##### #...#####...#
#. #...#...#...# ..
#.###.#)....#.## .
##...###...###..


You could see a gnoll and a neutral gnoll (fast, strong, insane).

Vanquished Creatures
  A phantom (D:4)
  A scorpion (D:4)
  A hound (D:4)
  Crazy Yiuf (D:3)
  2 gnolls (D:4)
  9 adders
  2 river rats (D:3)
  3 worms
  4 orcs (D:3)
  8 endoplasms
  2 giant cockroaches
  7 goblins
  9 hobgoblins
  3 jackals (D:4)
  8 kobolds
  A quokka (D:1)
  5 ball pythons
  10 bats
  3 frilled lizards (D:1)
  7 rats
87 creatures vanquished.

Notes
Turn   | Place    | Note
-------+----------+-------------------------------------------
     0 | D:1      | SmokeWeed the Hill Orc Reaver began the quest for the Orb.
     0 | D:1      | Reached XP level 1. HP: 18/18 MP: 3/3
    81 | D:1      | Reached XP level 2. HP: 23/25 MP: 4/4
   415 | D:1      | Reached XP level 3. HP: 17/25 MP: 5/5
   661 | D:2      | Reached skill level 1 in Armour
  1031 | D:2      | Reached XP level 4. HP: 32/37 MP: 6/6
  1367 | D:3      | Found an opulent altar of Gozag.
  1469 | D:3      | Found an iron altar of Okawaru.
  1505 | D:3      | Became a worshipper of Warmaster Okawaru
  1835 | D:3      | Found a runed translucent door.
  1841 | D:3      | Noticed Crazy Yiuf
  1848 | D:3      | Killed Crazy Yiuf
  1849 | D:3      | Reached XP level 5. HP: 41/44 MP: 6/8
  1982 | D:3      | Reached skill level 5 in Axes
  1997 | D:3      | Found a white marble altar of Elyvilon.
  2292 | D:4      | Noticed a phantom
  2292 | D:4      | Noticed Eustachio
  2368 | D:4      | Reached skill level 1 in Stealth
  2447 | D:4      | Reached XP level 6. HP: 51/51 MP: 9/9
  2634 | D:4      | Identified the +10 flail of Cathryga {venom, Int+2}
  2718 | D:4      | Reached skill level 1 in Throwing
  2850 | D:4      | Mangled by a gnoll

Illustrated notes

Levels and vault maps discovered:
D:1:      ncdulo_smallfort, layout_basic
D:2:      layout_loops_ring
D:3:      layout_rooms, okawaru_ov_weapons_minmay, elyvilon_altar_5,
          nicolae_gozag_seed_capital, lightli_sewer_entry_pipes,
          uniq_crazy_yiuf_cottage
D:4:      nicolae_cairo_tiling, layout_basic, zin_treasury,
          mainiacjoe_overflow_swirl, fountainhead, st_stairs_9,
          grunt_decor_one_mirror, corexii_corridor_pit, uniq_eustachio

Skill      XL: |  1  2  3  4  5  6 |
---------------+-------------------+-----
Armour         | 1 2 3 |  3.1
Dodging        | 2 |  2.4
Spellcasting   | 2 |  2.3
Axes           | 5 |  5.2
Fighting       | 3 4 |  4.0
Stealth        | 1 |  1.4
Throwing       | 1 |  1.1
Short Blades   | |  0.5
Maces & Flails | |  0.4
Conjurations   | |  3.4

Action                   |  1- 3 |  4- 6 || total
-------------------------+-------+-------++-------
Melee: Hand axe          |    56 |    60 ||   116
       Short sword       |    41 |   104 ||   145
       Mace              |       |    16 ||    16
Throw: Boomerang         |       |    43 ||    43
 Cast: Kiss of Death     |     1 |       ||     1
  Use: Scroll            |       |     4 ||     4
Armor: Leather armour    |     9 |       ||     9
       Chain mail        |    59 |    27 ||    86
       Ring mail         |       |    65 ||    65
Dodge: Dodged            |    47 |   104 ||   151

Table legend: (Time is in decaauts)
 A = Elapsed time spent in this place.
 B = Non-inter-level travel time spent in this place.
 C = Inter-level travel time spent in this place.
 D = Time resting spent in this place.
 E = Time spent auto-exploring this place.
 F = Levels seen in this place.
 G = Mean time per level.
                   A        B        C        D        E       F      G
               +--------+--------+--------+--------+--------+-----+--------+
         Total |   2905 |   2794 |    111 |     11 |   1976 |   4 |  726.2 |
       Dungeon |   2905 |   2794 |    111 |     11 |   1976 |   4 |  726.2 |
               +--------+--------+--------+--------+--------+-----+--------+

Top non-repeatable levels by time:
     D:3: 1010 daAuts
     D:2: 714 daAuts
     D:1: 647 daAuts
     D:4: 533 daAuts
